Map: Acropolis LE

Players

Mez - Winner!

  • Race: Terran Terran
  • League: Master
  • Spawn Location: 11:00

Methodape

  • Race: Terran Terran
  • League: Master
  • Spawn Location: 5:00

VOD

Have the link to the VOD?

Description

Time

  • Played on: Sept. 4, 2019, 4:33 a.m.
  • Length: 5:31
Show
View Real Time Build Order
Export as new Build Order

Mez Terran - Winner!

Build Orders: Gas First Reaper Expand, Liberator Opening 

Get SALT Encoding   

  12  0:00  SCV  
  13  0:12  SCV  
  14  0:17  Supply Depot  
  14  0:25  SCV  
  15  0:31  Refinery  
  15  0:38  SCV  
  16  0:44  Barracks  
  16  0:51  SCV  
  17  1:04  SCV  
  18  1:21  SCV  
  19  1:32  Reaper  
  20  1:33  Orbital Command  
  20  1:45  Command Center  
  20  1:59  Factory  
  20  2:01  SCV  
  21  2:12  Barracks Reactor  
  21  2:16  SCV  
  21  2:21  Refinery  
  21  2:22  Supply Depot  
  22  2:28  SCV  
  23  2:44  SCV  
  24  2:52  Starport  
  24  2:54  Barracks Tech Lab  
  24  2:55  Hellion x2  
  24  2:57  SCV  
  29  3:14  Marauder  
  29  3:16  Hellion x2, Concussive Shells  
  35  3:23  Orbital Command  
  35  3:30  Medivac  
  37  3:35  Marauder  
  37  3:39  Hellion  
  41  3:43  Hellion  
  43  3:50  SCV, Supply Depot  
  43  3:53  SCV  
  43  3:54  Liberator  
  45  4:07  SCV  
  46  4:11  SCV  
  50  4:26  SCV  
  50  4:28  Cyclone  
  50  4:29  Command Center  
  50  4:54  SCV x2  
  45  5:00  Starport Tech Lab  
  45  5:06  SCV  
  46  5:13  SCV  
  45  5:19  SCV  
  53  5:28  Barracks  
  53  5:30  Barracks  
Show
View Real Time Build Order
Export as new Build Order

Methodape Terran 

Build Orders: Gas First Reaper Expand, Hellion Opening 

Get SALT Encoding   

  12  0:01  SCV  
  13  0:14  SCV  
  14  0:18  Supply Depot  
  14  0:26  SCV  
  15  0:31  Refinery  
  15  0:40  SCV  
  16  0:44  Barracks  
  16  0:52  SCV  
  17  1:04  SCV  
  18  1:16  SCV  
  19  1:31  Orbital Command  
  19  1:33  Reaper  
  20  1:53  Command Center  
  20  1:57  SCV  
  21  2:04  Factory  
  21  2:13  SCV  
  21  2:16  Barracks Reactor, Refinery  
  21  2:22  Supply Depot  
  21  2:25  SCV  
  22  2:37  SCV  
  23  2:49  SCV  
  23  2:50  Starport  
  24  2:58  Hellion x2  
  28  3:01  SCV  
  28  3:04  Orbital Command  
  29  3:08  Barracks Tech Lab  
  29  3:13  SCV  
  30  3:20  Hellion x2  
  30  3:25  SCV  
  35  3:36  SCV  
  35  3:38  SCV  
  35  3:40  Raven  
  39  3:42  Supply Depot  
  39  3:48  SCV  
  40  3:50  SCV  
  40  3:52  Hellion x2  
  45  4:00  SCV  
  46  4:04  SCV  
  46  4:07  Supply Depot  
  46  4:08  Supply Depot  
  47  4:12  SCV  
  47  4:16  SCV  
  48  4:24  SCV  
  48  4:27  Hellion x2  
  48  4:29  Raven  
  43  4:48  Hellion x2  
  38  5:02  Command Center  
  38  5:04  SCV  
  36  5:08  SCV  
  36  5:10  Hellion  
  38  5:16  SCV  
Tags
 
Add a new tag
Caveats
  • Supply blocks, unpowered buildings, or Contaminate may cause inaccurate times.
  • Supply counts are checked every 10 seconds.